 Dungeon Crawl Stone Soup version 0.31-a0-1338-gb567cfdca4 (webtiles) character file.

Game seed: 16498950213881618408

3378 grandjackal the Fighter (level 10, -21/111 HPs)
             Began as an Oni Warper on Dec 22, 2023.
             Was an Initiate of Ashenzari.
             Demolished by Gastronok (30 damage)
             ... on level 7 of the Dungeon.
             The game lasted 00:13:46 (10237 turns).

grandjackal the Fighter (Oni Warper)               Turns: 10237, Time: 00:13:46

Health: -21/111    AC:  6    Str: 27    XL:     10   Next: 3%
Magic:  13/13      EV: 10    Int: 22    God:    Ashenzari [......]
Gold:   242        SH:  0    Dex: 12    Spells: 5/13 levels left

rFire   + + .        b - +0 flail
rCold   + . .        (no shield)
rNeg    . . .        J - +4 robe of Augmentation {Str+4 Int+4 Dex+4}
rPois   +            (helmet restricted)
rElec   +            (no cloak)
rCorr   +            (gloves unavailable)
SInv    .            (boots unavailable)
Will    +....        x - amulet of magic regeneration
Stlth   +            s - +6 ring of strength
HPRegen 0.38/turn    r - ring of wizardry
MPRegen 0.53/turn

%: wizardry (x1)
@: resistant, hasted and slowed
A: drunken brawling, large, unfitting armour, horns 1, tough skin 1, double
potion healing, deformed body, fire resistance 1, passive freeze
a: Renounce Religion


You were on level 7 of the Dungeon.
You worshipped Ashenzari.
Ashenzari was noncommittal.
You visited 2 branches of the dungeon, and saw 9 of its levels.
You also visited: Sewer.

You collected 242 gold pieces.

Inventory:

Hand Weapons
 b - a +0 flail (weapon)
Missiles
 d - 7 darts of dispersal
 f - a throwing net
 y - 6 poisoned darts (quivered)
 D - 2 curare-tipped darts
Armour
 J - the +4 robe of Augmentation (worn) {Str+4 Int+4 Dex+4}
   (You found it on level 6 of the Dungeon)

   Str+4:     It affects your strength (+4).
   Int+4:     It affects your intelligence (+4).
   Dex+4:     It affects your dexterity (+4).
Jewellery
 a - a ring of magical power
 k - a ring of resist corrosion
 r - a ring of wizardry (right hand)
 s - a +6 ring of strength (left hand)
 x - an amulet of magic regeneration (around neck)
Scrolls
 c - 2 scrolls of blinking
 g - 7 scrolls of identify {unknown}
 i - 3 scrolls of silence {unknown}
 j - a scroll of amnesia {unknown}
 l - a scroll of fear {unknown}
 m - 2 scrolls of teleportation {unknown}
 n - a scroll of revelation {unknown}
 o - a scroll of immolation {unknown}
 p - 2 scrolls of vulnerability {unknown}
 q - a scroll of enchant armour {unknown}
 B - a scroll of enchant weapon {unknown}
 G - a scroll of summoning {unknown}
 I - a scroll of torment {unknown}
Potions
 F - 2 potions of enlightenment


   Skills:
 + Level 10.9 Fighting
 + Level 8.2 Maces & Flails
 - Level 1.0 Throwing
 - Level 2.1 Dodging
 - Level 2.4 Spellcasting
 + Level 7.8 Translocations


You had 5 spell levels left.
You knew the following spells:

 Your Spells              Type           Power      Damage    Failure   Level
a - Blink                 Tloc           74%        N/A       1%          2
b - Lesser Beckoning      Tloc           74%        N/A       1%          2
c - Manifold Assault      Tloc           37%        N/A       2%          4

Your spell library contained the following spells:

 Spells                   Type           Power      Damage    Failure   Level
 Momentum Strike          Conj/Tloc      38%        3d9       1%          2
 Teleport Other           Tloc           37%        N/A       1%          3
 Shock                    Conj/Air       8%         1d3       5%          1
 Jinxbite                 Hex            4%         N/A       9%          2
 Vhi's Electric Charge    Tloc/Air       38%        N/A       11%         4
 Swiftness                Air            2%         N/A       16%         3
 Airstrike                Air            1%         2d(1-17)  45%         4
 Arcjolt                  Conj/Air       1%         1d11      78%         5
 Freezing Cloud           Conj/Ice/Air   1%         6-21      78%         5
 Silence                  Hex/Air        1%         N/A       78%         5
 Plasma Beam              Fire/Air       1%         2x1d11    100%        6
 Maxwell's Capacitive Co  Air            1%         ∞         100%        8


Dungeon Overview and Level Annotations

Branches:
Dungeon (8/15)             Temple (1/1) D:7           Sewer (visited)
   Lair: D:8-11

Altars:
Ashenzari
Cheibriados
Dithmenos
Elyvilon
Fedhas
Gozag
Hepliaklqana
Kikubaaqudgha
Okawaru
Qazlal
Ru
Sif Muna
Trog
Vehumet
Wu Jian
Xom
Yredelemnul
The Shining One

Annotations:
D:2 exclusion: door
D:4 2 transporters, Rennog's ghost, amateur OpSh
D:7 Gastronok


Innate Abilities, Weirdness & Mutations

Whenever you drink a potion that restores your health or magic, you attack all enemies around you.
You are too large for most types of armour.
You have a pair of small horns on your head.
You have tough skin. (AC +1)
Whenever you drink a potion that restores your health or magic, it restores twice as much.
Armour fits poorly on your strangely shaped body.
Your flesh is heat resistant. (rF+)
A frigid envelope surrounds you and freezes all who hurt you.


Message History

You feel as though you will be slow longer.
You hit Gastronok.
Gastronok is severely wounded.
You completely miss Gastronok. You headbutt Gastronok.
Gastronok is severely wounded.
Gastronok mumbles some strange words.
You barely miss Gastronok.
Gastronok is severely wounded.
Gastronok bites you.
Gastronok is very cold.
Gastronok is severely wounded.
You feel less attractive to monsters.
You hit Gastronok.
Gastronok is severely wounded.
The quokka bites you but does no damage.
The quokka is very cold.
You kill the quokka!
The quokka's corpse disappears in a puff of smoke!
Gastronok bites you!!
Gastronok is very cold.
Gastronok is severely wounded.
You feel yourself speed up.
You sock Gastronok!
Gastronok is almost dead.
Gastronok bites you!!
* * * LOW HITPOINT WARNING * * *
Gastronok is very cold.
Gastronok is almost dead.
You sock Gastronok!
Gastronok is almost dead.
Gastronok is no longer moving quickly.
You hit Gastronok.
Gastronok is almost dead.
Gastronok looks at you and mumbles some strange words.
You barely resist. You barely miss Gastronok.
Gastronok is almost dead.
You sock Gastronok!
Gastronok is almost dead.
Gastronok bites you!!
You die...
Gastronok gurgles, "Let's see if you taste as good as that wizard did."

#......# ###.#### ####'##
########### ......#
#.........# ......#
#.#######.# ......#
#######.#<#####.#
......######.....#.#.......#
...............[w#.#########
................@#.........#
.............###.#########.#
####.######### #.# #.#
...#.# ######.# #.#
##.#.######......# #.#
..<.........####.# #.#
#####.##########.#########.#
........................##.#
####..##########.######.##.#


You could see Gastronok.

Vanquished Creatures
  Sigmund (D:4)
  A steam dragon (D:7)
  A sky beast (D:7)
  A black bear (D:6)
  A centaur (D:8)
  A phantom (D:5)
  2 kobold brigands
  A gnoll sergeant (D:6)
  4 bullfrogs
  4 scorpions
  3 wights (D:7)
  12 killer bees
  6 electric eels (D:7)
  3 howler monkeys (D:8)
  5 jellies
  5 orc priests
  4 hounds
  2 gnoll boudas
  3 iguanas
  An iron imp (D:7)
  A sleepcap (D:5)
  3 orc wizards
  13 gnolls
  12 adders
  A river rat (Sewer)
  A bombardier beetle (D:5)
  A white imp (D:5)
  18 orcs
  6 ball pythons
  3 bats (D:1)
  9 endoplasms
  4 giant cockroaches
  14 goblins
  9 hobgoblins
  18 kobolds
  7 quokkas
  4 frilled lizards
  6 rats
191 creatures vanquished.

Notes
Turn   | Place    | Note
-------+----------+-------------------------------------------
     0 | D:1      | grandjackal the Oni Warper began the quest for the Orb.
     0 | D:1      | Reached XP level 1. HP: 22/22 MP: 3/3
   220 | D:1      | Reached skill level 3 in Fighting
   220 | D:1      | Reached XP level 2. HP: 27/31 MP: 5/5
   470 | D:1      | Reached XP level 3. HP: 37/37 MP: 6/6
   473 | D:1      | Learned a level 2 spell: Blink
   968 | D:1      | Learned a level 2 spell: Lesser Beckoning
  1427 | D:2      | Reached skill level 4 in Fighting
  1427 | D:2      | Reached XP level 4. HP: 9/48 MP: 7/7
  2464 | D:4      | Found a transporter.
  2464 | D:4      | Noticed Rennog's ghost (amateur OpSh)
  2470 | D:4      | Found a transporter.
  2686 | D:4      | Noticed Sigmund
  2726 | D:4      | Killed Sigmund
  2727 | D:4      | Reached skill level 5 in Fighting
  2727 | D:4      | Reached XP level 5. HP: 41/57 MP: 8/8
  2727 | D:4      | Reached XP level 6. HP: 48/66 MP: 9/9
  3588 | D:4      | Learned a level 4 spell: Manifold Assault
  3618 | D:5      | Entered Level 5 of the Dungeon
  3831 | D:5      | Reached skill level 6 in Fighting
  3831 | D:5      | Reached XP level 7. HP: 70/75 MP: 10/10
  4618 | D:4      | Reached skill level 5 in Translocations
  4895 | D:5      | Got the Catalogue of Vexatious Vapour
  5001 | D:5      | Reached skill level 5 in Maces & Flails
  5237 | D:5      | Found a stormy altar of Qazlal.
  5280 | D:6      | Reached skill level 7 in Fighting
  5292 | D:6      | Reached XP level 8. HP: 37/87 MP: 4/11
  5442 | D:6      | Found a glowing drain.
  5581 | Sewer    | Entered a sewer
  5914 | Sewer    | Found a white marble altar of Elyvilon.
  6303 | D:6      | Reached skill level 8 in Fighting
  7053 | D:6      | Found the +4 robe of Augmentation {Str+4 Int+4 Dex+4}
  7188 | D:6      | Gained mutation: A frigid envelope surrounds you and
                  | freezes all who hurt you. [potion of mutation]
  7188 | D:6      | Gained mutation: Armour fits poorly on your strangely
                  | shaped body. [potion of mutation]
  7188 | D:6      | Gained mutation: Your flesh is heat resistant. (rF+)
                  | [potion of mutation]
  7698 | D:7      | Reached skill level 9 in Fighting
  7698 | D:7      | Reached XP level 9. HP: 89/98 MP: 1/12
  9013 | D:7      | Found a basalt altar of Yredelemnul.
  9130 | D:7      | Found a staircase to the Ecumenical Temple.
  9163 | Temple   | Entered the Ecumenical Temple
  9183 | Temple   | Became a worshipper of Ashenzari the Shackled
  9226 | D:7      | Found a snail-covered altar of Cheibriados.
  9285 | D:7      | Reached skill level 10 in Fighting
  9979 | D:7      | Reached XP level 10. HP: 48/111 MP: 10/13
 10205 | D:8      | Noticed Gastronok
 10237 | D:7      | Demolished by Gastronok

Illustrated notes

Levels and vault maps discovered:
D:1:      scummos_arrival_hexagon, layout_basic, serial_corexii_hall,
          chequers_hall_statues_wall_a, chequers_hall_statues_y,
          corexii_hall_statues_l, chequers_hall_statues_y
D:2:      cheibrodos_fertilizer, layout_rooms
D:3:      layout_loops_cross, chequers_serial_rivers_large_a,
          amcnicky_mini_pool_small
D:4:      layout_loops_corners, gammafunk_ghost_arena, uniq_sigmund
D:5:      layout_loops_cross, marbit_many_paths
D:6:      layout_basic, mainiacjoe_sewer_entry_somewhere_in_here_1, uniq_duvessa
D:7:      wad_lake_hut, layout_basic, yredelemnul_altar_generic, slow_altar_1,
          minmay_temple_entry_wispy, enter_bailey_3
D:8:      layout_cave_pools, uniq_gastronok, uniq_jeremiah, uniq_maggie
Temple:   nicolae_temple_bog_church

Skill      XL: |  1  2  3  4  5  6  7  8  9 |
---------------+----------------------------+-----
Fighting       | 3 4 5 6 7 9 10 | 10.9
Translocations | 3 4 5 6 7 |  7.8
Maces & Flails | 3 4 5 6 8 |  8.2
Throwing       | |  1.0
Dodging        | |  2.1
Spellcasting   | |  2.4

Action                     |  1- 3 |  4- 6 |  7- 9 | 10-12 || total
---------------------------+-------+-------+-------+-------++-------
  Melee: Mace              |   113 |   155 |   353 |       ||   621
         Headbutt          |    12 |    22 |    42 |     5 ||    81
         Punch             |       |     1 |     2 |     1 ||     4
         Flail             |       |       |   101 |    25 ||   126
   Cast: Lesser Beckoning  |       |     1 |       |       ||     1
         Manifold Assault  |       |     4 |    91 |       ||    95
         Blink             |       |     1 |     2 |       ||     3
  Evoke: Wand              |       |       |     7 |       ||     7
    Use: Potion            |       |     1 |    10 |     4 ||    15
   Stab: Sleeping          |     1 |       |       |       ||     1
 Armour: Robe              |    93 |    95 |   367 |    24 ||   579
         Skin              |       |    27 |    14 |       ||    41
  Dodge: Dodged            |    75 |    63 |   168 |     4 ||   310

Table legend: (Time is in decaauts)
 A = Elapsed time spent in this place.
 B = Non-inter-level travel time spent in this place.
 C = Inter-level travel time spent in this place.
 D = Time resting spent in this place.
 E = Time spent auto-exploring this place.
 F = Levels seen in this place.
 G = Mean time per level.
                   A        B        C        D        E       F      G
               +--------+--------+--------+--------+--------+-----+--------+
         Total |  10338 |  10038 |    300 |   3323 |   4967 |  10 | 1033.8 |
       Dungeon |   9919 |   9638 |    281 |   3103 |   4890 |   8 | 1239.9 |
        Temple |     38 |     20 |     18 |      0 |      0 |   1 |   38.0 |
         Sewer |    380 |    380 |      0 |    220 |     77 |   1 |  380.0 |
               +--------+--------+--------+--------+--------+-----+--------+

Top non-repeatable levels by time:
     D:7: 2364 daAuts
     D:6: 1888 daAuts
     D:4: 1612 daAuts
     D:5: 1360 daAuts
     D:1: 1011 daAuts
     D:3: 880 daAuts
     D:2: 648 daAuts
   Sewer: 380 daAuts
     D:8: 153 daAuts
  Temple: 38 daAuts
